 Seeded DCSS version 0.27.1-2-g3b301248ec (webtiles) character file.

Game seed: 14551798346683263451 (custom seed)

310 babuloseo the Poker (level 6, -6/48 HPs)
             Began as a Human Fighter on Sept 30, 2021.
             Was an Initiate of the Shining One.
             Mangled by an orc wizard (19 damage)
             ... on level 5 of the Dungeon.
             The game lasted 00:05:16 (3610 turns).

babuloseo the Poker (Human Fighter)                 Turns: 3610, Time: 00:05:17

Health: -6/48      AC:  8    Str: 19    XL:     6   Next: 69%
Magic:  2/2        EV:  7    Int:  8    God:    the Shining One [......]
Gold:   110        SH: 14    Dex: 12    Spells: 5/5 levels left

rFire    . . .     SeeInvis .   r - +7 spear of Untimely Demise {antimagic, rCorr}
rCold    . . .     Faith    .   c - +0 kite shield
rNeg     . . .     Spirit   .   b - +0 scale mail
rPois    .         Reflect  +   (no helmet)
rElec    .         Harm     .   g - +0 cloak
rCorr    +         Rampage  .   (no gloves)
Will     .....                  (no boots)
Stlth    ..........             j - amulet "Ahoubugh" {Reflect rCorr SH+5}
HPRegen  0.16/turn              (no ring)
MPRegen  0.08/turn              (no ring)

@: glowing
A: no striking features
a: Renounce Religion


You were on level 5 of the Dungeon.
You worshipped the Shining One.
The Shining One was noncommittal.
You visited 2 branches of the dungeon, and saw 6 of its levels.

You collected 110 gold pieces.

Inventory:

Hand Weapons
 a - a +0 trident
 r - the +7 spear of Untimely Demise (weapon) {antimagic, rCorr}
   (You found it on level 4 of the Dungeon)

   It reduces the magical energy of the wielder, and disrupts the spells and
   magical abilities of those it strikes.
   Natural abilities and divine invocations are not affected.
   rCorr:     It protects you from acid and corrosion.
Armour
 b - a +0 scale mail (worn)
 c - a +0 kite shield (worn)
 g - a +0 cloak (worn)
Jewellery
 j - the amulet "Ahoubugh" (around neck) {Reflect rCorr SH+5}
   (You acquired it on level 2 of the Dungeon)

   [amulet of reflection]

   It reflects blocked missile attacks.
   rCorr:     It protects you from acid and corrosion.
   SH:        It affects your SH (+5).
 s - a ring of fire
Scrolls
 e - a scroll of magic mapping {unknown}
 h - 3 scrolls of identify {unknown}
 k - 2 scrolls of enchant armour {unknown}
 n - 2 scrolls of blinking {unknown}
 t - a scroll of teleportation {unknown}
Potions
 d - a potion of might
 f - a potion of ambrosia {unknown}
 i - a potion of brilliance {unknown}
 l - 2 potions of curing {unknown}
 m - a potion of degeneration {unknown}
 o - 3 potions of attraction {unknown}
 p - a potion of mutation {unknown}
 q - a potion of heal wounds {unknown}


   Skills:
 + Level 4.0 Fighting
 * Level 4.4 Polearms
 + Level 4.0 Armour
 + Level 4.0 Shields


You had 5 spell levels left.
You didn't know any spells.
Your spell library contained the following spells:

 Spells                   Type           Power      Damage    Failure   Level
 Magic Dart               Conj           0%         1d3       99%         1
 Call Imp                 Summ           0%         N/A       100%        2
 Searing Ray              Conj           0%         3d3       100%        2
 Mephitic Cloud           Conj/Pois/Air  0%         N/A       100%        3
 Fulminant Prism          Conj/Hex       0%         3d6       100%        4


Dungeon Overview and Level Annotations

Branches:
Dungeon (5/15)             Temple (1/1) D:5

Altars:
Cheibriados
Elyvilon
Gozag
Okawaru
Trog
Wu Jian
Zin
The Shining One

Shops:
D:2 (

Annotations:
D:2 1 runed translucent door, Crazy Yiuf


Message History

There is an open door here.
The vampire casts a spell.
The vampire flickers and vanishes!
Deactivating autopickup; reactivate with Ctrl-A.
Things that are here:
a +0 club; a +0 dagger; a kobold corpse
There is a stone staircase leading up here.
You climb upwards.
Reactivating autopickup.
There is a stone staircase leading down here.
Things that are here:
7 poisoned darts; a +0 short sword; a kobold corpse
Things that are here:
7 poisoned darts; a +0 whip; a kobold corpse
There is a stone staircase leading down here.
You climb downwards.
The orc wizard shouts!
The orc priest shouts!
You hear a shout!
An orc wizard comes into view. It is wielding a +0 dagger.
You hear a shout!
Found a stone staircase leading down.
There is a stone staircase leading up here.
An orc priest comes into view. It is wielding a +0 trident of venom.
The orc priest shouts!
The orc priest begins to cast a cantrip, but forgets the words!
The orc wizard gestures at you while chanting.
The puff of flame hits you!
The orc priest mumbles some strange prayers to Beogh against you.
Beogh smites you!
The orc priest mumbles some strange prayers to Beogh against you.
Beogh smites you!
The orc wizard points at you and mumbles some strange words.
The magic dart hits you.
* * * LOW HITPOINT WARNING * * *
The orc wizard casts a spell.
The orc wizard flickers and vanishes!
Deactivating autopickup; reactivate with Ctrl-A.
There is a stone staircase leading down here.
The orc wizard hits you but does no damage.
You are electrocuted!!
You die...

........#
.......# ......#
. ## #....# .#
#..###<...##..#
#...............
+..........{....
#........o.o....
....#...@.o#####
#######....#
#......#
........#
#.#####..#
#.#.((#..#
#.#...#..#
#.#####..#


You could see 2 dancing weapons, 2 orc priests and an orc wizard.

Vanquished Creatures
  A necrophage (D:4)
  A kobold brigand (D:4)
  2 iguanas
  An adder (D:4)
  3 adder skeletons
  3 worms
  2 dart slugs
  7 orcs
  7 ball pythons
  3 bats
  3 endoplasms
  A giant cockroach (D:1)
  6 goblins
  14 hobgoblins
  3 jackals (D:4)
  7 kobolds
  2 frilled lizards (D:1)
  2 rats (D:2)
68 creatures vanquished.

Notes
Turn   | Place    | Note
-------+----------+-------------------------------------------
     0 | D:1      | babuloseo the Human Fighter began the quest for the Orb.
     0 | D:1      | Reached XP level 1. HP: 18/18 MP: 1/1
   105 | D:1      | Reached XP level 2. HP: 12/24 MP: 2/2
   790 | D:2      | Reached XP level 3. HP: 29/29 MP: 3/3
   922 | D:2      | Found Gisot's Antique Weapon Boutique.
  1089 | D:2      | Identified a scroll of acquirement
  1089 | D:2      | Acquired the amulet "Ahoubugh" {Reflect rCorr SH+5}
  1173 | D:2      | Found a runed translucent door.
  1174 | D:2      | Noticed Crazy Yiuf
  1529 | D:3      | Reached XP level 4. HP: 34/35 MP: 4/4
  1560 | D:3      | Found an opulent altar of Gozag.
  1791 | D:3      | Found a faded altar of an unknown god.
  2471 | D:4      | Found a white marble altar of Elyvilon.
  2494 | D:4      | Noticed a necrophage
  2505 | D:4      | Identified the +7 spear of Untimely Demise {antimagic,
                  | rCorr}
  2520 | D:4      | Killed a necrophage
  2521 | D:4      | Reached XP level 5. HP: 37/42 MP: 1/5
  2546 | D:4      | Became a worshipper of Elyvilon the Healer
  2608 | D:4      | Found an ornate altar of the Wu Jian Council.
  2755 | D:4      | Reached XP level 6. HP: 44/48 MP: 2/6
  2798 | D:4      | Reached * piety under Elyvilon
  2968 | D:4      | Found a glowing silver altar of Zin.
  3355 | D:5      | Entered Level 5 of the Dungeon
  3386 | D:5      | Found a staircase to the Ecumenical Temple.
  3396 | Temple   | Entered the Ecumenical Temple
  3507 | Temple   | Fell from the grace of Elyvilon
  3507 | Temple   | Became a worshipper of the Shining One
  3552 | D:5      | Noticed a vampire
  3607 | D:5      | Noticed a +0 hand axe
  3607 | D:5      | Noticed a +0 dagger
  3610 | D:5      | Mangled by an orc wizard

Illustrated notes

Levels and vault maps discovered:
D:1:      lemuel_arrival_river_bridge, layout_rooms
D:2:      layout_loops_cross, basic_altar, serial_shops, shop,
          minmay_goblin_kobold_house, uniq_crazy_yiuf_cottage, uniq_robin
D:3:      layout_basic, grunt_gozag_breadcrumbs,
          hellmonk_ecumenical_altar_heavens_door
D:4:      layout_loops_ring, zin_treasury, elyvilon_altar_3,
          nzn_wu_jian_contemplation, serial_co_window_serial,
          co_window_corner_a, co_window_corner_a, co_window_of_opportunity_a,
          co_window_corner_a, co_window_paths_a, co_window_corner_b,
          co_window_paths_c, co_window_2corner, co_window_paths_c,
          co_window_of_opportunity_b, co_window_of_opportunity_c,
          co_window_of_opportunity_c, glass_columns_a, glass_columns_c
D:5:      layout_gridville, dancing_weapons_uskayaw, ashenzari_altar_1,
          kennysheep_mini_moat, minmay_temple_entry_statues_fountains,
          serial_shops, nicolae_shop_trees, kennysheep_crisscross,
          minmay_circle_x
Temple:   nicolae_temple_figure_zero

Skill      XL: |  1  2  3  4  5  6 |
---------------+-------------------+-----
Polearms       | 3 4 |  4.4
Fighting       | 4 |  4.0
Shields        | 4 |  4.0
Armour         | 4 |  4.0

Action                   |  1- 3 |  4- 6 || total
-------------------------+-------+-------++-------
Melee: Trident           |   115 |    52 ||   167
       Spear             |       |    76 ||    76
  Use: Scroll            |     1 |       ||     1
Armor: Scale mail        |    50 |    31 ||    81
Dodge: Dodged            |    32 |    34 ||    66
Block: Kite shield       |    53 |   100 ||   153
       Reflection        |       |     2 ||     2
